 Dungeon Crawl Stone Soup version 0.17-a0-802-g1f09329 (console) character file.

70 dunyain the Chopper (level 4, 12/33 HPs)
             Began as a Demonspawn Gladiator on Apr 26, 2015.
             Was an Initiate of Okawaru.
             Quit the game on level 2 of the Dungeon.
             The game lasted 00:01:40 (1722 turns).

dunyain the Chopper (Demonspawn Gladiator)          Turns: 1722, Time: 00:01:40

Health: 12/33      AC:  3    Str: 16    XL:     4   Next: 3%
Magic:  4/4        EV: 12    Int:  9    God:    Okawaru [......]
Gold:   45         SH:  0    Dex: 14    Spells: 0 memorised, 3 levels left

rFire  . . .     SeeInvis .     a - +0 war axe
rCold  + . .     Clarity  .     b - +0 leather armour
rNeg   . . .     SustAb   .     (no shield)
rPois  .         Gourm    .     (helmet restricted)
rElec  .         Spirit   .     (no cloak)
rCorr  .         Warding  .     (no gloves)
rMut   .         Stasis   .     (no boots)
MR     .....                    (no amulet)
Stlth  +.........               (no ring)
                                (no ring)

@: not resistant to hostile enchantments, very unstealthy
A: horns 1, cold resistance 1
a: Renounce Religion


You were on level 2 of the Dungeon.
You worshipped Okawaru.
Okawaru was noncommittal.
You were not hungry.

You visited 1 branch of the dungeon, and saw 2 of its levels.

You collected 45 gold pieces.

Inventory:

Hand weapons
 a - a +0 war axe (weapon)
Missiles
 d - 3 throwing nets (quivered)
Armour
 b - a +0 leather armour (worn)
 c - a +0 helmet
Scrolls
 h - a scroll of identify {unknown}
 i - a scroll of teleportation {unknown}
 j - a scroll of fear {unknown}
 m - 2 scrolls of fog {unknown}
 p - a scroll of immolation {unknown}
 r - a scroll of enchant armour {unknown}
Potions
 q - a potion of agility {unknown}
Comestibles
 e - a bread ration
 g - 2 fruits
 l - a slice of pizza


   Skills:
 - Level 2.0 Fighting
 + Level 4.4 Axes
 - Level 1.7 Throwing
 - Level 2.6 Dodging


You had 3 spell levels left.
You didn't know any spells.

Dungeon Overview and Level Annotations

Branches:
Dungeon (2/15)

Altars:
Elyvilon
Okawaru
Qazlal
The Shining One


Innate Abilities, Weirdness & Mutations

You have a pair of small horns on your head.
Your flesh is cold resistant.


Message History

You barely miss the adder.
The adder is severely wounded.
The adder closely misses you. The adder barely misses you.
Unknown command.
You hit the adder.
The adder is almost dead.
The adder bites you.
Unknown command.
You barely miss the adder.
The adder is almost dead.
The adder misses you. The adder barely misses you.
Unknown command.
You slash the adder!
You kill the adder!
Okawaru accepts your kill.
You have reached level 4!
You feel stronger.
Your demonic ancestry asserts itself...
A pair of horns grows on your head!
Your +0 helmet falls away!
Are you sure you want to abandon this character and quit the game? (Confirm with "yes".)

...#.### #.##.#
_......# #.##.#
.........####.##.###
..##.#.............#
..# .##..........#.#
..# .##..####..###.#
..# #. #........#
..# #........# #..
#.....@..# #
#.....)..#
#........#
#........#
#........#
#........# ........#
........ ...


There were no monsters in sight!

Vanquished Creatures
  4 adders (D:2)
  A worm (D:2)
  A giant gecko (D:1)
  2 giant cockroaches
  5 goblins
  4 hobgoblins
  A quokka (D:2)
  2 bats (D:2)
  3 giant newts
  3 kobolds
  5 rats
31 creatures vanquished.

Notes
Turn   | Place    | Note
--------------------------------------------------------------
     0 | D:1      | dunyain, the Demonspawn Gladiator, began the quest for the Orb.
     0 | D:1      | Reached XP level 1. HP: 16/16 MP: 1/1
   488 | D:1      | Reached skill level 3 in Axes
   525 | D:1      | Gained mutation: Your flesh is cold resistant. [demonic ancestry]
   525 | D:1      | Reached XP level 2. HP: 20/22 MP: 2/2
   588 | D:1      | Found a glowing golden altar of the Shining One.
  1145 | D:2      | Found a stormy altar of Qazlal.
  1168 | D:2      | Reached XP level 3. HP: 2/27 MP: 3/3
  1169 | D:2      | HP: 1/27 [poisoned by an adder]
  1173 | D:2      | Reached skill level 4 in Axes
  1420 | D:2      | Found an iron altar of Okawaru.
  1421 | D:2      | Found a white marble altar of Elyvilon.
  1640 | D:2      | Became a worshipper of Warmaster Okawaru
  1721 | D:2      | Gained mutation: You have a pair of small horns on your head. [demonic ancestry]
  1721 | D:2      | Reached XP level 4. HP: 12/33 MP: 4/4
  1722 | D:2      | Quit the game

Action                   |  1- 3 |  4- 6 || total
-------------------------+-------+-------++-------
Melee: War axe           |   115 |       ||   115
  Use: Potion            |     2 |       ||     2
  Eat: Chunk             |     3 |       ||     3
